 Dungeon Crawl Stone Soup version 0.30-a0-4-ga7cffc901d (webtiles) character file.

Game seed: 14959756411495168383

82272 Sobieck the Unseen (level 15, -14/82 HPs)
             Began as a Vine Stalker Gladiator on Aug 20, 2022.
             Was the Champion of Wu Jian.
             Demolished by an orc warlord
             ... wielding a +2 war axe of distortion
              (20 damage)
             ... on level 2 of the Orcish Mines.
             The game lasted 01:04:01 (16715 turns).

Sobieck the Unseen (Vine Stalker Gladiator)        Turns: 16715, Time: 01:04:01

Health: -14/82     AC: 16    Str: 19    XL:     15   Next: 73%
Magic:  0/38       EV: 20    Int:  8    God:    Wu Jian [******]
Gold:   2367       SH:  5    Dex: 28    Spells: 30/33 levels left

rFire   . . .      SeeInvis .    a - +8 Vampire's Tooth {vamp}
rCold   . . .      Faith    .    (no shield)
rNeg    . . .      Spirit   +    Z - +2 troll leather armour
rPois   .          Reflect  +    n - +2 hat {Stlth+}
rElec   .          Harm     .    (no cloak)
rCorr   .          Rampage  .    r - +2 pair of gloves
Will    ++...                    H - +2 pair of boots of the Final Leylines {Will+ Str+2}
Stlth   +++++++...               u - amulet of Cugij {Reflect Dex+5 SH+5}
HPRegen 1.83/turn                Y - ring of magical power
MPRegen 0.26/turn                j - +4 ring of slaying

@: exhausted, hasted, very quick
A: fangs 3, regeneration 1, magic shield, antimagic bite, no potion heal 2
a: Renounce Religion, Wall Jump, Serpent's Lash, Heavenly Storm


You were on level 2 of the Orcish Mines.
You worshipped Wu Jian.
Wu Jian was exalted by your worship.
You visited 4 branches of the dungeon, and saw 20 of its levels.
You also visited: Bailey.

You collected 2367 gold pieces.


Innate Abilities, Weirdness & Mutations

You have razor-sharp teeth.
Your natural rate of healing is unusually fast.
When hurt, damage is shared between your health and your magic reserves.
Your bite disrupts and absorbs the magic of your enemies.
Potions cannot restore your health.


   Skills:
 - Level 11.0 Fighting
 - Level 11.0 Short Blades
 - Level 1.7 Throwing
 - Level 9.0 Armour
 - Level 9.0 Dodging
 - Level 15.0 Stealth
 + Level 9.5 Spellcasting
 + Level 7.1 Summonings
 - Level 5.0 Evocations


You had 30 spell levels left.
You knew the following spells:

 Your Spells              Type           Power      Damage    Failure   Level
a - Call Canine Familiar  Summ           15%        N/A       3%          3

Your spell library contained the following spells:

 Spells                   Type           Power      Damage    Failure   Level
 Call Imp                 Summ           15%        N/A       1%          2
 Magic Dart               Conj           12%        1d3       19%         1
 Necrotise                Necr           12%        1d4       19%         1
 Sting                    Tmut/Pois      12%        1d3       19%         1
 Blink                    Tloc           6%         N/A       28%         2
 Poisonous Vapours        Pois/Air       6%         N/A       28%         2
 Gell's Gravitas          Tloc           3%         N/A       50%         3
 Lesser Beckoning         Tloc           3%         N/A       50%         3
 Mephitic Cloud           Conj/Pois/Air  3%         N/A       50%         3
 Portal Projectile        Hex/Tloc       6%         N/A       50%         3
 Teleport Other           Tloc           3%         N/A       50%         3
 Vampiric Draining        Necr           3%         2d6       50%         3
 Summon Forest            Summ/Tloc      4%         N/A       77%         5
 Hailstorm                Conj/Ice       3%         3d3       88%         4
 Ice Form                 Ice/Tmut       3%         N/A       88%         4
 Leda's Liquefaction      Hex/Erth       1%         N/A       88%         4
 Olgreb's Toxic Radiance  Pois           3%         N/A       88%         4
 Agony                    Necr           3%         N/A       99%         5
 Alistair's Intoxication  Tmut/Pois      2%         N/A       99%         5
 Borgnjor's Vile Clutch   Necr/Erth      1%         N/A       99%         5
 Manifold Assault         Tloc           3%         N/A       99%         5
 Eringya's Noxious Bog    Tmut/Pois      1%         N/A       100%        6
 Simulacrum               Ice/Necr       1%         N/A       100%        6

Inventory:

Hand Weapons
 a - the +8 Vampire's Tooth (weapon) {vamp}
   (You acquired it on level 10 of the Dungeon)

   It occasionally heals its wielder for the full amount of damage dealt when it
   wounds a living foe.
 l - a +1 rapier of draining {short}
Missiles
 c - 3 boomerangs of dispersal {=f!fthrowing}
 d - 7 throwing nets {=f!fthrowing}
 e - 24 javelins {throwing}
 x - 7 curare-tipped darts {=fthrowing}
 y - 13 poisoned darts (quivered) {throwing}
 z - a silver boomerang {throwing}
 U - 10 boomerangs {throwing}
Armour
 n - a +2 hat of stealth (worn)
   (You took it off Gastronok on level 3 of the Lair of Beasts)
 r - a +2 pair of gloves (worn)
   (You found it on level 4 of the Lair of Beasts)
 H - the +2 pair of boots of the Final Leylines (worn) {Will+ Str+2}
   (You acquired it in a bailey)

   Str:       It affects your strength (+2).
   Will:      It increases your willpower.
 Z - a +2 troll leather armour (worn)
   (You found it on level 1 of the Orcish Mines)
Jewellery
 b - a ring of protection from cold
   (You found it on level 6 of the Dungeon)
 h - a +6 ring of strength
   (You found it on level 11 of the Dungeon)
 j - a +4 ring of slaying (right hand)
   (You found it on level 5 of the Dungeon)
 u - the amulet of Cugij (around neck) {Reflect Dex+5 SH+5}
   (You found it on level 2 of the Dungeon)

   [amulet of reflection]

   It reflects blocked missile attacks.
   Dex:       It affects your dexterity (+5).
   SH:        It affects your SH (+5).
 w - a ring of see invisible
   (You found it on level 2 of the Dungeon)
 E - a ring of flight
   (You found it on level 6 of the Dungeon)
 J - a ring of ice
   (You found it on level 3 of the Dungeon)
 V - a ring of wizardry
   (You found it on level 9 of the Dungeon)
 Y - a ring of magical power (left hand)
   (You found it on level 10 of the Dungeon)
Wands
 v - a wand of light (9)
   (You took it off Ijyb on level 5 of the Dungeon)
 B - a wand of flame (21)
   (You took it off Terence on level 2 of the Dungeon)
 C - a wand of paralysis (34)
   (You found it on level 3 of the Dungeon)
 M - a wand of digging (2)
   (You found it on level 4 of the Lair of Beasts)
 S - a wand of iceblast (15)
   (You found it on level 6 of the Dungeon)
Scrolls
 s - 4 scrolls of noise {!r}
 t - 5 scrolls of teleportation {@r4}
 A - 2 scrolls of vulnerability {!r!r}
 K - 3 scrolls of enchant weapon
 N - 3 scrolls of immolation {!r!r}
 O - a scroll of fear
 Q - 2 scrolls of summoning
 R - a scroll of poison {!r}
 T - 3 scrolls of magic mapping {!r}
 W - 4 scrolls of fog
Potions
 f - 2 potions of haste {@q3}
 g - 2 potions of mutation {!q}
 i - 8 potions of brilliance
 k - a potion of flight
 m - 3 potions of ambrosia
 o - 7 potions of curing {@q1}
 p - a potion of invisibility
 q - 6 potions of lignification {!q}
 D - a potion of attraction {!q}
 F - 3 potions of berserk rage {!q}
 G - 4 potions of cancellation
 I - 4 potions of might
 L - 3 potions of magic
Miscellaneous
 P - a condenser vane
   (You found it on level 4 of the Lair of Beasts)

Dungeon Overview and Level Annotations

Branches:
Dungeon (12/15) Zot: 26793  Temple (1/1) D:7 Zot: 5979    Lair (5/5) D:8 Zot: 25373
 Shoals (0/4) Lair:3       Spider (0/4) Lair:2        Slime (0/5) Lair:5
    Orc (2/2) D:11 Zot: 10992     Elf (0/3) Orc:2        Bailey (visited)

Altars:
Ashenzari
Dithmenos
Elyvilon
Fedhas
Gozag
Hepliaklqana
Kikubaaqudgha
Makhleb
Nemelex Xobeh
Qazlal
Ru
Sif Muna
Uskayaw
Wu Jian
Xom
Yredelemnul
Zin
The Shining One
Jiyva

Shops:
Orc:2

=( ....C..[)).)..#...###
........[.#.#.......### ####
#..#....[##.♣..[..[...##...##
###..[......[.[........$..
##[[).♣∩♣..>.[..........
#...C.#......#..#......
#......♣....).......#.#.
##..).[[...[..[...##...#
###.##[[.@[..).......###
###..<)))[)o#..##.....#..##
##....).[[[$°..)#..#.......#
#..............[....#.....#
#....##...#.#.[...........#
##..###...##..[.[...[..#..
##.# ##.####.[$.<.....# . ...
### #..)).#.#.....# #...#
##.[.#####...##


You could see an orc warlord and a cyclops.


Message History

There is a stone staircase leading up, spattered with blood here.
Danger!
Items here: $ ))) [ †.
You puncture the orc!
You kill the orc!
The Council accepts your kill.
Casting: Call Canine Familiar (mildly dangerous; 3% risk of failure)
Confirm with . or Enter, or press ? or * to list all spells.
Items here: ))) [[ ÷÷ †.
Your hound bites the orc warlord but does no damage.
The orc warlord barely misses your hound.
The orc warlord blocks your hound's attack.
Things that are here:
a +0 giant spiked club {mace}; 5 large rocks {=fthrowing} The orc warlord hits your hound with a +2 war axe of distortion!!
Your hound dies!
Your hound's corpse disappears in a puff of smoke!
Items here: )) [[ ÷.
Unknown command.
Casting: Call Canine Familiar (mildly dangerous; 3% risk of failure)
Confirm with . or Enter, or press ? or * to list all spells.
The orc warlord hits your hound with a +2 war axe of distortion!!
Your hound dies!
Your hound's corpse disappears in a puff of smoke!
Things that are here:
a +0 giant club {mace}; a +0 giant spiked club {mace}; a two-headed ogre corpse Unknown command.
Unknown command.
You spin and attack the orc warlord repeatedly.
You barely miss the orc warlord.
The cyclops shouts!
You puncture the orc warlord!
You hit the orc warlord but do no damage.
The orc warlord barely misses you.
Things that are here:
a +0 giant club {mace}; an ogre skeleton Unknown command.
You spin and attack the orc warlord repeatedly.
You hit the orc warlord. The orc warlord blocks your attack. x4
You hit the orc warlord but do no damage.
You bite the orc warlord, but do no damage.
The orc warlord hits you with a +2 war axe of distortion!
Space warps around you.
Casting: Call Canine Familiar (mildly dangerous; 3% risk of failure)
Confirm with . or Enter, or press ? or * to list all spells.
Okay, then.
Unknown command.
Your muscles tense, ready for explosive movement...
Unknown command.
Unknown command.
You spin and attack the orc warlord repeatedly, with incredible momentum.
You hit the orc warlord.
You feel better.
Your punch misses the orc warlord. You bite the orc warlord.
You drain its power.
You feel invigorated. The orc warlord blocks your attack.
You hit the orc warlord but do no damage. x2
You bite the orc warlord. You drain its power.
Things that are here:
a +0 giant club {mace}; an ogre skeleton Unknown command.
You spin and attack the orc warlord repeatedly, with incredible momentum.
You hit the orc warlord but do no damage.
The orc warlord blocks your attack.
You hit the orc warlord but do no damage.
You bite the orc warlord, but do no damage.
You puncture the orc warlord!
You feel better.
Your bite misses the orc warlord.
Your supernatural speed expires.
Things that are here:
a +0 giant club {mace}; a +0 giant spiked club {mace}; a two-headed ogre corpse Unknown command.
You hit the orc warlord. You bite the orc warlord. You drain its power.
The orc warlord hits you with a +2 war axe of distortion!!
Space warps horribly around you!!
You hit the orc warlord.
You feel better. The orc warlord blocks your attack.
The cyclops throws a large rock.
The large rock hits you!
Unknown command.
The orc warlord blocks your attack.
Your bite misses the orc warlord.
The orc warlord hits you with a +2 war axe of distortion!!
* * * LOW HITPOINT WARNING * * *
Space warps around you.
* * * LOW HITPOINT WARNING * * *
You hit the orc warlord but do no damage.
You bite the orc warlord. You drain its power.
You feel invigorated.
Unknown command.
You puncture the orc warlord! The orc warlord blocks your attack.
Unknown command.
You hit the orc warlord.
You feel better.
You bite the orc warlord, but do no damage.
The orc warlord hits you with a +2 war axe of distortion!!
* * * LOW HITPOINT WARNING * * *
Space warps around you.
* * * LOW HITPOINT WARNING * * *
The orc warlord blocks your attack.
You bite the orc warlord! You drain its power.
You feel invigorated.
Unknown command.
You feel yourself speed up.
The orc warlord hits you with a +2 war axe of distortion!!
* * * LOW HITPOINT WARNING * * *
Space warps horribly around you!!
You die...

Skill      XL: |  1  2  3  4  5  6  7  8  9 10 11 12 13 14 15 |
---------------+----------------------------------------------+-----
Fighting       | 2 3 4 5 6 7 8 10 11 | 11.0
Short Blades   | 3 4 5 6 7 8 9 10 11 | 11.0
Stealth        | 1 2 3 4 5 7 8 9 11 12 13 14 15 | 15.0
Armour         | 2 3 4 6 7 8 9 |  9.0
Evocations     | 2 3 5 |  5.0
Dodging        | 3 4 5 6 7 8 9 |  9.0
Spellcasting   | 3 6 8 9 |  9.5
Summonings     | 2 5 7 |  7.1
Throwing       | |  1.7

Action                   |  1- 3 |  4- 6 |  7- 9 | 10-12 | 13-15 || total
-------------------------+-------+-------+-------+-------+-------++-------
Melee: Rapier            |    96 |    83 |       |       |       ||   179
       Bite              |    19 |    49 |   104 |   219 |   585 ||   976
       Punch             |       |     7 |     6 |     6 |    32 ||    51
       Dagger            |       |    70 |   286 |   323 |       ||   679
       Quick blade       |       |       |       |   294 |  1629 ||  1923
Throw: Dart              |       |       |     2 |       |       ||     2
 Cast: Call Canine Famil |       |       |       |       |     4 ||     4
Invok: Lunge             |       |       |     7 |    85 |    93 ||   185
       Whirlwind         |       |       |       |   118 |   321 ||   439
       Serpent's Lash    |       |       |       |     1 |     6 ||     7
       Heavenly Storm    |       |       |       |       |     1 ||     1
 Abil: Wall Jump         |       |       |       |     1 |    32 ||    33
  Use: Scroll            |       |     7 |    13 |    10 |     6 ||    36
       Potion            |       |       |     1 |       |     1 ||     2
 Stab: Sleeping          |     6 |     5 |     5 |    40 |    27 ||    83
       Distracted        |       |     2 |     3 |     2 |    11 ||    18
       Petrifying        |       |       |       |       |     6 ||     6
Armor: Leather armour    |    29 |    15 |    31 |    55 |    81 ||   211
       Troll leather arm |       |       |       |       |    16 ||    16
Dodge: Dodged            |    70 |    54 |    97 |   176 |   360 ||   757
Block: Other             |     8 |    26 |    37 |    57 |    97 ||   225
       Reflection        |       |       |       |     1 |     4 ||     5

Levels and vault maps discovered:
D:1:      heliophobic_arrival_dark_side_of_the_moon, layout_basic,
          dk_noncrumbling_3, minmay_pentomino_t4
D:2:      layout_basic, basic_altar, chequers_avenue, uniq_terence
D:3:      layout_loops_ring, makhleb_altar_promises_db
D:4:      lemuel_castle_with_subvaults [lemuel_castle_interior_original],
          layout_basic
D:5:      layout_cave_pools, mainiacjoe_overflow_small_starburst,
          corner_web_ring, hangedman_decor_points, uniq_duvessa, uniq_menkaure,
          uniq_ijyb
D:6:      layout_basic, mainiacjoe_overflow_catwalk_spiral, uniq_pikel
D:7:      layout_basic, mainiacjoe_overflow_24_doors,
          minmay_temple_entry_purple_smoke
D:8:      layout_basic, due_lair_maze_entry_diamond, enter_bailey_7
D:9:      layout_irregular_city, chequers_temple_overflow_statue_of_worship
D:10:     layout_roguey, cheibrodos_ashenzari_chains
D:11:     minmay_mutant_horseshoe, layout_rooms, zombieorc1_lemuel, zin_statuary
D:12:     layout_long_grid, serial_shops, kennysheep_mini_moat, shop,
          nicolae_shop_advertising_works [nicolae_subvault_shop_adworks],
          nicolae_shop_waterfront
Temple:   eino_temple_lava
Lair:1:   layout_chaotic_city, minivault_25, dreamdust_wasp_nest
Lair:2:   layout_misc_corridors, spider_nest_entry_webs,
          lightli_volcano_entry_magma_tube, uniq_maggie
Lair:3:   layout_roguey, elwin_shoals_entry_stream,
          chequers_serial_rivers_small_a, uniq_gastronok, uniq_josephine,
          uniq_amaemon
Lair:4:   beast_lair_carwin_large_3, layout_regular_city,
          portal_ice_cave_demonic_guard, serial_bayou_lagoon_a,
          lemuel_fruit_fields
Lair:5:   hangedman_lair_caniforms_friends, layout_cave_pods,
          hangedman_lair_in_review, slime_entry_1
Orc:1:    layout_caves
Orc:2:    st_orc_open, layout_caves, serial_shops, nicolae_shop_trees,
          nicolae_shop_crystal, shop, nicolae_diamond_shop, uniq_snorg,
          uniq_donald

Notes
Turn   | Place    | Note
-------+----------+-------------------------------------------
     0 | D:1      | Sobieck the Vine Stalker Gladiator began the quest for the
                  | Orb.
     0 | D:1      | Reached XP level 1. HP: 11/11 MP: 2/2
    60 | D:1      | HP: 2/11 [quokka (1)]
   446 | D:1      | Reached skill level 2 in Fighting
   446 | D:1      | Reached skill level 3 in Short Blades
   446 | D:1      | Reached XP level 2. HP: 15/15 MP: 3/3
   452 | D:1      | Reached skill level 1 in Stealth
   823 | D:1      | Reached XP level 3. HP: 14/18 MP: 4/4
  1293 | D:2      | Identified the amulet of Cugij {Reflect Dex+5 SH+5}
  1414 | D:2      | Noticed Terence
  1502 | D:2      | You pick up a book of Spatial Translocations and begin
                  | reading...
  1502 | D:2      | You add the spells Blink, Lesser Beckoning and Manifold
                  | Assault to your library.
  1573 | D:2      | Reached skill level 2 in Stealth
  1818 | D:2      | Gained mutation: Your natural rate of healing is unusually
                  | fast. [Vine Stalker growth]
  1818 | D:2      | Reached XP level 4. HP: 23/23 MP: 5/5
  1836 | D:2      | Found a shimmering blue altar of Sif Muna.
  1999 | D:2      | Killed Terence
  2157 | D:3      | Reached skill level 4 in Short Blades
  2208 | D:3      | Reached XP level 5. HP: 26/27 MP: 6/6
  2257 | D:3      | Reached skill level 3 in Stealth
  2308 | D:3      | Reached skill level 3 in Fighting
  2396 | D:3      | You add the spells Sting, Poisonous Vapours and Olgreb's
                  | Toxic Radiance to your library.
  2412 | D:3      | Found a burning altar of Makhleb.
  2413 | D:3      | Noticed an Executioner
  2554 | D:3      | Reached XP level 6. HP: 32/32 MP: 7/7
  3496 | D:4      | Reached skill level 5 in Short Blades
  3898 | D:4      | Reached skill level 4 in Stealth
  3912 | D:4      | Reached XP level 7. HP: 34/36 MP: 8/8
  4246 | D:4      | Reached skill level 4 in Fighting
  4290 | D:4      | Reached skill level 6 in Short Blades
  4290 | D:4      | Reached skill level 5 in Stealth
  4456 | D:5      | Entered Level 5 of the Dungeon
  4525 | D:5      | Gained mutation: You have razor-sharp teeth. [Vine Stalker
                  | growth]
  4525 | D:5      | Reached XP level 8. HP: 42/42 MP: 7/9
  4572 | D:5      | You pick up a book of Displacement and begin reading...
  4572 | D:5      | You add the spells Gell's Gravitas and Teleport Other to
                  | your library.
  4707 | D:5      | Noticed Menkaure
  4719 | D:5      | Killed Menkaure
  4749 | D:5      | Noticed Duvessa
  4753 | D:5      | Noticed Dowan
  4766 | D:5      | Killed Duvessa
  4767 | D:5      | Reached skill level 6 in Stealth
  4769 | D:5      | Killed Dowan
  4770 | D:5      | Reached skill level 7 in Short Blades
  5009 | D:5      | Noticed Ijyb
  5010 | D:5      | Found a basalt altar of Yredelemnul.
  5023 | D:5      | Killed Ijyb
  5185 | D:6      | Reached skill level 5 in Fighting
  5387 | D:6      | Reached skill level 7 in Stealth
  5413 | D:6      | Found a hide-covered altar of Uskayaw.
  5479 | D:6      | Reached XP level 9. HP: 47/47 MP: 10/10
  5483 | D:6      | Reached skill level 8 in Short Blades
  5747 | D:6      | Reached skill level 8 in Stealth
  5833 | D:6      | Found a glowing golden altar of the Shining One.
  5835 | D:6      | Noticed Pikel
  5862 | D:6      | Killed Pikel
  5863 | D:6      | Reached skill level 1 in Armour
  5863 | D:6      | Reached skill level 1 in Evocations
  6169 | D:7      | You add the spells Leda's Liquefaction and Summon Forest to
                  | your library.
  6169 | D:7      | Got the Catalogue of Stony Direction
  6232 | D:7      | Found a staircase to the Ecumenical Temple.
  6239 | Temple   | Entered the Ecumenical Temple
  6250 | Temple   | Became a worshipper of the Wu Jian Council
  6388 | D:7      | Identified the +0 chain mail "Ilikh" {rC- Regen+ Int+3}
  6515 | D:7      | Found a hazy altar of Hepliaklqana.
  6531 | D:7      | Reached skill level 3 in Dodging
  7048 | D:8      | Reached skill level 2 in Evocations
  7054 | D:8      | Reached skill level 2 in Armour
  7059 | D:8      | Reached XP level 10. HP: 40/53 MP: 8/11
  7075 | D:8      | Reached skill level 9 in Short Blades
  7104 | D:8      | Reached skill level 9 in Stealth
  7158 | D:8      | Reached * piety under Wu Jian
  7182 | D:8      | Found a staircase to the Lair.
  7193 | D:8      | Reached skill level 6 in Fighting
  7193 | D:8      | Reached skill level 3 in Evocations
  7259 | D:8      | Noticed a two-headed ogre
  7268 | D:8      | Killed a two-headed ogre
  7505 | D:8      | Reached skill level 4 in Dodging
  7528 | D:8      | Reached skill level 3 in Armour
  7623 | D:8      | Found a flagged portal.
  7636 | Bailey   | Entered a bailey
  7657 | Bailey   | Reached ** piety under Wu Jian
  8015 | Bailey   | Reached XP level 11. HP: 58/58 MP: 10/12
  8027 | Bailey   | Acquired the +2 pair of boots of the Final Leylines {Will+
                  | Str+2}
  8047 | Bailey   | Could not pick up a +0 vampiric executioner's axe
                  | {axerare=g} here; ([A]lways) ignore it?
  8048 | Bailey   | P - a +0 vampiric executioner's axe {axerare=g}
  8554 | D:8      | You pick up a book of Necromancy and begin reading...
  8554 | D:8      | You add the spells Necrotise, Vampiric Draining and Agony
                  | to your library.
  8603 | D:9      | Reached skill level 10 in Short Blades
  8623 | D:9      | Found a blossoming altar of Fedhas.
  8625 | D:9      | Found a shimmering altar of Xom.
  8638 | D:9      | Reached skill level 10 in Stealth
  8638 | D:9      | Reached skill level 4 in Evocations
  8657 | D:9      | Reached *** piety under Wu Jian
  8902 | D:9      | You pick up a book of Minor Magic and begin reading...
  8902 | D:9      | You add the spells Magic Dart, Call Imp and Mephitic Cloud
                  | to your library.
  9005 | D:9      | HP: 10/58 [yak (7)]
  9078 | D:9      | Reached skill level 4 in Armour
  9382 | D:10     | Entered Level 10 of the Dungeon
  9495 | D:10     | Noticed a two-headed ogre
  9505 | D:10     | HP: 6/58 [two-headed ogre/+0 giant spiked club (11)]
  9506 | D:10     | Killed a two-headed ogre
  9507 | D:10     | Reached skill level 7 in Fighting
  9507 | D:10     | Reached skill level 5 in Dodging
  9515 | D:10     | Acquired the +8 Vampire's Tooth {vamp}
  9515 | D:10     | Found the +8 Vampire's Tooth {vamp}
  9647 | D:10     | Found a broken altar of Ashenzari.
 10016 | D:10     | You add the spells Alistair's Intoxication, Borgnjor's Vile
                  | Clutch and Eringya's Noxious Bog to your library.
 10104 | D:11     | Noticed a brown ugly thing
 10109 | D:11     | Killed a brown ugly thing
 10109 | D:11     | Reached **** piety under Wu Jian
 10196 | D:11     | Reached skill level 5 in Evocations
 10230 | D:11     | Noticed a two-headed ogre
 10236 | D:11     | Killed a two-headed ogre
 10253 | D:11     | You drop a +0 vampiric executioner's axe {axerare=g}.
 10254 | D:11     | P - a +0 vampiric executioner's axe {axerare=g}
 10284 | D:11     | Found a staircase to the Orcish Mines.
 10299 | D:11     | Reached skill level 11 in Stealth
 10338 | D:11     | Reached XP level 12. HP: 63/63 MP: 13/13
 10495 | D:11     | Noticed an ettin
 10496 | D:11     | Noticed a hell knight
 10506 | D:11     | Killed a hell knight
 10507 | D:11     | Reached skill level 11 in Short Blades
 10507 | D:11     | Reached skill level 5 in Armour
 10523 | D:11     | Killed an ettin
 10524 | D:11     | Reached skill level 8 in Fighting
 10524 | D:11     | Reached skill level 6 in Dodging
 10673 | D:11     | Found a glowing silver altar of Zin.
 10880 | Lair:1   | Entered Level 1 of the Lair of Beasts
 10903 | Lair:1   | Reached skill level 1 in Spellcasting
 10978 | Lair:1   | Reached ***** piety under Wu Jian
 10979 | Lair:1   | Reached skill level 2 in Spellcasting
 11004 | Lair:1   | Noticed a four-headed hydra
 11007 | Lair:1   | Killed a four-headed hydra
 11118 | Lair:1   | You pick up a book of the Hunter and begin reading...
 11118 | Lair:1   | You add the spells Call Canine Familiar and Portal
                  | Projectile to your library.
 11358 | Lair:1   | Noticed an eight-headed hydra
 11390 | Lair:1   | Killed an eight-headed hydra
 11391 | Lair:1   | Reached skill level 3 in Spellcasting
 11618 | Lair:2   | Reached skill level 12 in Stealth
 11699 | Lair:2   | Reached skill level 6 in Armour
 11703 | Lair:2   | Reached XP level 13. HP: 70/70 MP: 19/19
 11740 | Lair:2   | You fall into a shaft and drop 2 floors!
 11760 | Lair:4   | Reached skill level 4 in Spellcasting
 11761 | Lair:4   | Reached skill level 7 in Dodging
 11769 | Lair:4   | Reached skill level 9 in Fighting
 11783 | Lair:4   | Reached skill level 5 in Spellcasting
 11839 | Lair:4   | Reached skill level 13 in Stealth
 11994 | Lair:4   | Reached skill level 7 in Armour
 12019 | Lair:3   | Noticed Amaemon
 12027 | Lair:4   | Killed Amaemon
 12028 | Lair:4   | Reached skill level 6 in Spellcasting
 12063 | Lair:3   | Reached skill level 10 in Fighting
 12067 | Lair:3   | Learned a level 3 spell: Call Canine Familiar
 12268 | Lair:2   | Found a hole to the Spider Nest.
 12409 | Lair:2   | Reached skill level 1 in Summonings
 12462 | Lair:2   | Noticed Maggie
 12471 | Lair:2   | Killed Maggie
 12769 | Lair:3   | Noticed Josephine
 12788 | Lair:2   | Killed Josephine
 12790 | Lair:2   | Reached skill level 2 in Summonings
 12877 | Lair:3   | Reached XP level 14. HP: 77/77 MP: 24/24
 12984 | Lair:3   | Noticed Gastronok
 12994 | Lair:3   | Killed Gastronok
 13256 | Lair:3   | Reached skill level 3 in Summonings
 13295 | Lair:3   | Found a staircase to the Shoals.
 13499 | Lair:4   | You drop a +0 vampiric executioner's axe {axerare=g}.
 13501 | Lair:4   | Could not pick up a +0 vampiric executioner's axe
                  | {axerare=g} here; ([A]lways) ignore it?
 13606 | Lair:4   | Reached skill level 7 in Spellcasting
 13830 | Lair:4   | Reached skill level 14 in Stealth
 14222 | Lair:5   | Entered Level 5 of the Lair of Beasts
 14294 | Lair:5   | Reached skill level 4 in Summonings
 14379 | Lair:5   | Reached skill level 8 in Dodging
 14416 | Lair:5   | Reached skill level 8 in Armour
 14417 | Lair:5   | Reached ****** piety under Wu Jian
 14519 | Lair:5   | You pick up a book of the Tundra and begin reading...
 14519 | Lair:5   | You add the spells Hailstorm, Ice Form and Simulacrum to
                  | your library.
 14733 | Lair:5   | Reached skill level 11 in Fighting
 14738 | Lair:5   | Reached skill level 8 in Spellcasting
 14740 | Lair:5   | Reached skill level 5 in Summonings
 14740 | Lair:5   | Reached XP level 15. HP: 76/82 MP: 27/28
 14796 | Lair:5   | Found a staircase to the Slime Pits.
 14796 | Lair:5   | Found a viscous altar of Jiyva.
 15657 | Orc:1    | Entered Level 1 of the Orcish Mines
 15739 | Orc:1    | Reached skill level 15 in Stealth
 16096 | Orc:2    | Entered Level 2 of the Orcish Mines
 16096 | Orc:2    | Found Porac's Antique Weapon Shop.
 16099 | Orc:2    | Found a staircase to the Elven Halls.
 16119 | Orc:2    | Noticed an orc warlord
 16173 | Orc:1    | Killed an orc warlord
 16286 | Orc:2    | Found Tewipn Lucs's Jewellery Shop.
 16290 | Orc:2    | Noticed Donald
 16313 | Orc:2    | Killed Donald
 16314 | Orc:2    | Reached skill level 6 in Summonings
 16315 | Orc:2    | Noticed Snorg
 16377 | Orc:2    | Killed Snorg
 16393 | Orc:2    | Reached skill level 9 in Spellcasting
 16395 | Orc:2    | Noticed an orc warlord
 16452 | Orc:2    | Reached skill level 9 in Armour
 16452 | Orc:2    | Reached skill level 9 in Dodging
 16582 | Orc:1    | Reached skill level 7 in Summonings
 16713 | Orc:2    | HP: 20/82 [orc warlord/+2 war axe of distortion (3)]
 16715 | Orc:2    | HP: 6/82 [orc warlord/+2 war axe of distortion (16)]
 16715 | Orc:2    | Demolished by an orc warlord

Vanquished Creatures
  Gastronok (Lair:3)
  Donald (Orc:2)
  An orc warlord (Orc:1)
  Snorg (Orc:2)
  2 ettins
  Josephine (Lair:2)
  An ogre mage (Orc:1)
  5 hydras
  7 two-headed ogres
  A catoblepas (Lair:5)
  An alligator (Lair:5)
  11 death yaks
  A hell knight (D:11)
  Amaemon (Lair:4)
  A deep troll (Orc:2)
  An orc knight (Orc:2)
  Pikel (D:6)
  A lindwurm (Lair:5)
  2 ugly things (D:11)
  2 cyclopes
  An orc sorcerer (Orc:2)
  2 manticores (Lair:5)
  3 elephants (Lair:4)
  2 merfolk sirens (Lair:3)
  9 black mambas
  An orange demon (Lair:3)
  Maggie (Lair:2)
  4 torpor snails
  9 cane toads
  4 rime drakes
  2 ice devils (Lair:4)
  7 komodo dragons
  2 unseen horrors
  12 polar bears
  2 merfolk (Lair:3)
  11 trolls
  A meliai (shapeshifter) (D:11)
  3 raiju (Lair:5)
  9 hornets
  32 blink frogs
  3 dream sheep (Lair:4)
  5 wraiths
  5 wyverns
  A shadow (D:11)
  72 yaks
  2 steam dragons
  5 basilisks
  3 redbacks (Lair:2)
  Menkaure (D:5)
  8 wargs
  2 acid dragons
  15 water moccasins
  14 hell hounds (Lair:5)
  Duvessa (D:5)
  29 orc warriors
  2 sky beasts
  14 black bears
  18 ogres
  16 wolves (Lair:5)
  12 centaurs
  4 phantoms
  2 kobold brigands
  14 bullfrogs
  2 gnoll sergeants
  2 scorpions (D:5)
  Dowan (D:5)
  A troll zombie (D:11)
  3 howler monkeys (D:4)
  A jelly (D:7)
  4 hounds
  4 gnoll boudas
  13 orc priests
  5 iguanas
  Ijyb (D:5)
  Terence (D:2)
  31 orc wizards
  5 ogre zombies (D:11)
  43 gnolls
  13 adders
  3 white imps
  2 worms
  4 dart slugs
  126 orcs
  7 bats
  7 endoplasms
  A giant cockroach (D:3)
  8 goblins
  3 hobgoblins
  11 jackals (D:4)
  4 quokkas
  6 ball pythons
  6 frilled lizards
  4 goblin zombies (D:11)
  2 hobgoblin skeletons (D:11)
  4 hobgoblin zombies (D:11)
  15 kobolds
  An orc skeleton (D:11)
  8 orc zombies (D:11)
  A rat (D:2)
761 creatures vanquished.

Vanquished Creatures (others)
  A kobold (D:8)
  48 fungi
  98 plants
147 creatures vanquished.

Grand Total: 908 creatures vanquished

Table legend:
 A = Non-vault XP
 B = Vault XP
 C = Vault XP percentage of total XP
 D = Non-vault monster count
 E = Vault monster count
 F = Vault count percentage of total count
                 A         B        C        D         E       F
            +---------+---------+-------+---------+---------+-------
      Total |   66459 |   51073 |  43.5 |     480 |     281 |  36.9
            +---------+---------+-------+---------+---------+-------
        D:1 |      34 |       5 |  12.8 |      18 |       4 |  18.2
        D:2 |      55 |      36 |  39.6 |      17 |       1 |   5.6
        D:3 |     218 |       0 |   0.0 |      26 |       0 |   0.0
        D:4 |     188 |     643 |  77.4 |      20 |      53 |  72.6
        D:5 |     404 |     412 |  50.5 |      11 |       4 |  26.7
        D:6 |     701 |     629 |  47.3 |      23 |       1 |   4.2
        D:7 |     630 |       0 |   0.0 |       9 |       0 |   0.0
        D:8 |    2684 |    1119 |  29.4 |      33 |      13 |  28.3
        D:9 |    3532 |       0 |   0.0 |      34 |       0 |   0.0
       D:10 |    2632 |       0 |   0.0 |      22 |       0 |   0.0
       D:11 |    2996 |    3156 |  51.3 |      11 |      32 |  74.4
     Lair:1 |    6513 |    1687 |  20.6 |      23 |       6 |  20.7
     Lair:2 |    4330 |    2024 |  31.9 |      17 |       6 |  26.1
     Lair:3 |    8138 |    4205 |  34.1 |      30 |      10 |  25.0
     Lair:4 |   15796 |    5976 |  27.4 |      46 |      13 |  22.0
     Lair:5 |    9163 |   17643 |  65.8 |      35 |      74 |  67.9
      Orc:1 |    4449 |    3065 |  40.8 |      55 |       5 |   8.3
      Orc:2 |    3996 |    8748 |  68.6 |      50 |      23 |  31.5
     Bailey |       0 |    1725 | 100.0 |       0 |      36 | 100.0
            +---------+---------+-------+---------+---------+-------

Illustrated notes

Table legend:
 A = Kills in this place as a percentage of kills in entire the game.
 B = Kills by you in this place as a percentage of kills by you in the entire game.
 C = Kills by friends in this place as a percentage of kills by friends in the entire game.
 D = Other kills in this place as a percentage of other kills in the entire game.
 E = Experience gained in this place as a percentage of experience gained in the entire game.
 F = Experience gained in this place divided by the number of levels of this place that you have seen.
                   A       B       C       D       E      F
               +-------+-------+-------+-------+-------+----------------------
         Total | 100.0 | 100.0 |   N/A |   N/A | 100.0 | 5596.8
       Dungeon |  43.6 |  43.6 |   N/A |   N/A |  17.1 | 1672.8
          Lair |  34.2 |  34.2 |   N/A |   N/A |  64.2 | 15095.0
  Orcish Mines |  17.5 |  17.5 |   N/A |   N/A |  17.2 | 10129.0
        Bailey |   4.7 |   4.7 |   N/A |   N/A |   1.5 | 1725.0
               +-------+-------+-------+-------+-------+----------------------

Table legend: (Time is in decaauts)
 A = Elapsed time spent in this place.
 B = Non-inter-level travel time spent in this place.
 C = Inter-level travel time spent in this place.
 D = Time resting spent in this place.
 E = Time spent auto-exploring this place.
 F = Levels seen in this place.
 G = Mean time per level.
                   A        B        C        D        E       F      G
               +--------+--------+--------+--------+--------+-----+--------+
         Total |  16403 |  15361 |   1042 |    913 |  10293 |  21 |  781.1 |
       Dungeon |  10167 |   9633 |    534 |    641 |   6797 |  12 |  847.2 |
        Temple |     20 |     11 |      9 |      0 |      3 |   1 |   20.0 |
          Lair |   4626 |   4273 |    353 |    118 |   3033 |   5 |  925.2 |
  Orcish Mines |   1006 |    861 |    145 |    109 |    320 |   2 |  503.0 |
        Bailey |    582 |    582 |      0 |     45 |    140 |   1 |  582.0 |
               +--------+--------+--------+--------+--------+-----+--------+

Top non-repeatable levels by time:
     D:4: 1493 daAuts
  Lair:5: 1224 daAuts
     D:1: 1220 daAuts
  Lair:4: 1127 daAuts
     D:8: 1027 daAuts
     D:6: 937 daAuts
     D:3: 888 daAuts
     D:2: 878 daAuts
  Lair:2: 849 daAuts
     D:9: 848 daAuts
     D:7: 810 daAuts
   Orc:1: 744 daAuts
  Lair:3: 715 daAuts
  Lair:1: 709 daAuts
    D:10: 706 daAuts
